Marlies vs Bears
Created - March 23, 2023 at 19:09
Goals
|
Marlies |
1 |
1 |
2 |
4 |
Bears |
2 |
4 |
2 |
8 |
|
Shots
|
Marlies |
4 |
19 |
14 |
37 |
Bears |
12 |
19 |
8 |
39 |
|
1st period
1. Bears , Joshua Leivo 11 (Kerby Rychel 34, Zach Stepan 20) at 2:29
2. Bears , Mike Hoffman 18 (Austin Czarnik 8) at 14:17
3. Marlies , Tyler Benson 13 (Logan Brown 16, Keaton Thompson 10) at 19:57
Penalties :
Derek Forbort (Her) for High sticking (Minor) at 6:15, Colton Sissons (Tor) for Holding (Minor) at 11:06, Keaton Thompson (Tor) for Slashing (Minor) at 17:29
2nd period
4. Bears , A.J. Jenks 22 (Sam Carrick 39, Nicolas Aube-Kubel 23) at 0:14
5. Marlies , Colton Sissons 29 (Nicholas Baptiste 45, Valentin Zykov 45) at 1:54
6. Bears , A.J. Jenks 23 (Nicolas Aube-Kubel 24, Sam Carrick 40) at 6:34
7. Bears , Mike Hoffman 19 (Austin Czarnik 9, A.J. Jenks 22) at 12:32
8. Bears , Angelo Esposito 10 (Mike Hoffman 25, Austin Czarnik 10) at 13:44
Penalties :
Tobias Lindberg (Tor) for Roughing (Minor) at 9:31
3rd period
9. Bears , Joshua Leivo 12 (Joey Laleggia 29, Derek Forbort 14) at 2:17 (PP)
10. Marlies , Colton Sissons 30 (Nicholas Baptiste 46, Brett Pesce 56) at 14:58 (PP)
11. Bears , Nicolas Aube-Kubel 25 (A.J. Jenks 23, Joey Laleggia 30) at 17:34
12. Marlies , Martin Necas 14 (Aleksi Saarela 26, Tyler Benson 20) at 19:41
Penalties :
Nicholas Baptiste (Tor) for Interference (Minor) at 0:22, Martin Necas (Tor) for Hooking (Minor) at 5:22, Nicolas Aube-Kubel (Her) for Holding (Minor) at 14:27
Goalie Stats
Charlie Lindgren (Tor), 15 saves from 19 shots - (0.789), 26:34 minutes
Logan Thompson (Tor), 16 saves from 20 shots - (0.800), L, 11-9-1, 33:26 minutes
Sami Aittokallio (Her), 33 saves from 37 shots - (0.892), W, 11-6-2, 60:00 minutes
Players Stats for Marlies
Player Name G A P +/- PIM S H SB GA TA FO MP PP MP PK MP
------------------------------------------------------------------------------------
Aleksi Saarela 0 1 1 1 0 1 2 0 0 0 1/3 12:37 0:54 0:51
Alex Formenton 0 0 0 -1 0 0 0 0 1 0 1/1 10:52 0:00 0:00
Brett Pesce 0 1 1 -1 0 3 3 3 0 3 0/0 29:18 1:35 6:24
Colton Sissons 2 0 2 -3 2 3 1 1 1 0 13/37 21:03 1:36 4:22
Dennis Gilbert 0 0 0 -2 0 0 0 1 0 1 0/0 13:45 0:00 1:24
Dmitri Samorukov 0 0 0 -1 0 1 0 0 0 1 0/0 11:17 0:00 0:00
Henri Ikonen 0 0 0 -1 0 0 0 2 0 0 1/1 11:29 0:00 1:18
Jeff Corbett 0 0 0 -2 0 1 0 4 0 1 0/0 25:08 1:35 5:18
Keaton Thompson 0 1 1 -1 2 0 2 0 0 1 0/0 19:06 0:55 2:52
Logan Brown 0 1 1 0 0 8 2 1 1 0 3/4 14:40 0:00 2:59
Martin Necas 1 0 1 0 2 1 0 0 1 0 0/2 11:59 0:54 0:00
Mathieu Olivier 0 0 0 -1 0 1 1 0 1 0 1/1 13:07 0:00 1:51
Matthew Highmore 0 0 0 -1 0 2 0 0 1 0 1/1 9:47 0:00 0:00
Nicholas Baptiste 0 2 2 -3 2 3 2 1 1 0 0/2 16:40 1:36 0:00
Pierre-Olivier Joseph 0 0 0 -1 0 7 0 0 1 1 0/0 21:44 0:55 3:44
Tobias Lindberg 0 0 0 -1 2 0 0 0 1 0 1/1 10:05 0:00 0:00
Tyler Benson 1 1 2 1 0 5 2 1 0 0 0/1 15:24 0:54 2:59
Valentin Zykov 0 1 1 -3 0 1 2 1 0 0 1/4 22:03 1:36 5:22
Players Stats for Bears
Player Name G A P +/- PIM S H SB GA TA FO MP PP MP PK MP
------------------------------------------------------------------------------------
A.J. Jenks 2 2 4 3 0 3 3 1 1 0 2/3 20:21 5:16 0:00
Angelo Esposito 1 0 1 2 0 2 1 1 0 0 3/5 11:08 0:04 0:00
Austin Czarnik 0 3 3 2 0 5 1 0 0 0 0/0 15:40 4:35 0:00
Austin Wuthrich 0 0 0 -2 0 2 3 1 0 0 0/1 9:03 0:00 0:00
Derek Forbort 0 1 1 2 2 0 1 1 1 0 0/0 27:05 6:20 0:31
Gianluca Curcuruto 0 0 0 2 0 0 1 3 0 1 0/0 12:18 0:00 1:06
Jamie McGinn 0 0 0 -2 0 1 0 0 0 0 0/0 9:03 0:00 0:00
Joey Laleggia 0 2 2 2 0 2 1 2 0 0 0/0 28:16 6:20 1:41
Joshua Leivo 2 0 2 1 0 5 1 0 2 0 0/0 19:45 5:16 1:48
Kerby Rychel 0 1 1 1 0 4 2 0 0 1 0/0 12:19 0:00 0:00
Michael Prapavessis 0 0 0 2 0 1 0 0 0 2 0/0 11:23 0:00 0:04
Mike Hoffman 2 1 3 2 0 5 3 0 0 0 1/1 16:22 4:35 0:42
Mikko Vainonen 0 0 0 0 0 0 0 1 0 2 0/0 20:32 3:31 0:49
Nicolas Aube-Kubel 1 2 3 3 2 5 2 0 0 0 3/4 16:28 0:00 1:17
Sam Carrick 0 2 2 3 0 1 2 0 2 1 17/31 21:15 5:12 1:13
Tommy Vannelli 0 0 0 0 0 1 1 0 1 1 0/0 20:32 3:31 0:49
Vincent Dunn 0 0 0 -2 0 0 1 0 0 1 1/3 9:03 0:00 0:00
Zach Stepan 0 1 1 1 0 2 1 0 1 0 8/10 16:55 4:35 0:00
3 Stars
1 - A.J. Jenks (Her)
2 - Mike Hoffman (Her)
3 - Nicolas Aube-Kubel (Her)
Power Play
Marlies - 1 on 2 Attempt(s) - 50.00%
Bears - 1 on 5 Attempt(s) - 20.00%
Penalty Kill
Marlies - 4 on 5 Attempt(s) - 80.00%
- Score 0 goal in Penalty Kill
Bears - 1 on 2 Attempt(s) - 50.00%
- Score 0 goal in Penalty Kill
Team Stat
Marlies - Hits : 17 - Faceoff Wins : 23 - Blocked Shots : 15 - Penalty Minutes : 10
Bears - Hits : 24 - Faceoff Wins : 35 - Blocked Shots : 10 - Penalty Minutes : 4
Official
Referees : Justin St. Pierre and Kyle Rehman
Linesman : Derek Nansen and Steve Barton
Game Notes
Logan Thompson enters game at 6:34 of 2nd period
Finance
Level 1 -- Attendance: 1938 (96.90%) -- Ticket Income $67,830
Level 2 -- Attendance: 1000 (100.00%) -- Ticket Income $15,000
Total Attendance: 2938 (97.93%)
Total Ticket Income: $82,830
Other Income: $4,142
Total Income: $86,972
Marlies
5 vs 5 Forward
Center Left Wing Right Wing Time % Phy DF OF
1 Colton Sissons Valentin Zykov Nicholas Baptiste 40 1 2 2
2 Aleksi Saarela Tyler Benson Martin Necas 30 1 2 2
3 Logan Brown Alex Formenton Mathieu Olivier 20 1 2 2
4 Matthew Highmore Henri Ikonen Tobias Lindberg 10 1 2 2
5 vs 5 Defense
Defense Defense Time % Phy DF OF
1 Brett Pesce Pierre-Olivier Joseph 40 1 2 2
2 Jeff Corbett Keaton Thompson 30 1 2 2
3 Dennis Gilbert Dmitri Samorukov 20 1 2 2
4 Brett Pesce Jeff Corbett 10 1 2 2
PowerPlay Forward
Center Left Wing Right Wing Time % Phy DF OF
1 Colton Sissons Valentin Zykov Nicholas Baptiste 60 1 2 2
2 Aleksi Saarela Tyler Benson Martin Necas 40 1 2 2
PowerPlay Defense
Defense Defense Time % Phy DF OF
1 Brett Pesce Jeff Corbett 60 1 2 2
2 Pierre-Olivier Joseph Keaton Thompson 40 1 2 2
Penalty Kill 4 Players Forward
Center Wing Time % Phy DF OF
1 Colton Sissons Valentin Zykov 60 1 2 2
2 Logan Brown Tyler Benson 40 1 2 2
Penalty Kill 4 Players Defense
Defense Defense Time % Phy DF OF
1 Brett Pesce Jeff Corbett 60 1 2 2
2 Pierre-Olivier Joseph Keaton Thompson 40 1 2 2
Penalty Kill - 3 Players Forward
Forward Time % Phy DF OF
1 Colton Sissons 60 1 2 2
2 Logan Brown 40 1 2 2
Penalty Kill - 3 Players Defense
Defense Defense Time % Phy DF OF
1 Brett Pesce Jeff Corbett 60 1 2 2
2 Pierre-Olivier Joseph Keaton Thompson 40 1 2 2
4 vs 4 Forward
Center Wing Time % Phy DF OF
1 Colton Sissons Valentin Zykov 60 1 2 2
2 Aleksi Saarela Martin Necas 40 1 2 2
4 vs 4 Defense
Defense Defense Time % Phy DF OF
1 Brett Pesce Jeff Corbett 60 1 2 2
2 Pierre-Olivier Joseph Keaton Thompson 40 1 2 2
Last Minutes Offensive
Center Left Wing Right Wing Defense Defense
Colton Sissons Valentin Zykov Nicholas Baptiste Brett Pesce Jeff Corbett
Last Minutes Defensive
Center Left Wing Right Wing Defense Defense
Colton Sissons Valentin Zykov Nicholas Baptiste Brett Pesce Jeff Corbett
Goaltenders
Starting : Charlie Lindgren
Backup : Logan Thompson
Extra Forwards
Normal : Mathieu Olivier, Tyler Benson, Martin Necas - PP : Mathieu Olivier, Tyler Benson - PK : Mathieu Olivier
Extra Defensemen
Normal : Keaton Thompson, Dennis Gilbert, Dmitri Samorukov - PP : Keaton Thompson - PK : Keaton Thompson, Dennis Gilbert
Penalty Shots
Nicholas Baptiste, Valentin Zykov, Colton Sissons, Martin Necas, Mathieu Olivier
Scratches
Elias Pettersson (Back Injury), Brycen Martin (Healthy), Marc McLaughlin (Healthy), Jaden Lindo (Healthy), Jakob Forsbacka-Karlsson (Healthy)
Radovan Bondra (Healthy), Simon Bourque (Healthy), Mike Hardman (Healthy), Lucas Carlsson (Torn Left MCL Injury), Otto Koivula (Healthy)
Jonathan Davidsson (Healthy)
Bears
5 vs 5 Forward
Center Left Wing Right Wing Time % Phy DF OF
1 Sam Carrick A.J. Jenks Nicolas Aube-Kubel 35 0 0 5
2 Zach Stepan Kerby Rychel Joshua Leivo 30 0 0 5
3 Angelo Esposito Mike Hoffman Austin Czarnik 25 0 1 4
4 Vincent Dunn Jamie McGinn Austin Wuthrich 10 0 2 3
5 vs 5 Defense
Defense Defense Time % Phy DF OF
1 Joey Laleggia Derek Forbort 40 0 2 3
2 Mikko Vainonen Tommy Vannelli 30 0 3 2
3 Gianluca Curcuruto Michael Prapavessis 20 0 4 1
4 Joey Laleggia Derek Forbort 10 1 2 2
PowerPlay Forward
Center Left Wing Right Wing Time % Phy DF OF
1 Sam Carrick A.J. Jenks Joshua Leivo 60 0 5 0
2 Zach Stepan Mike Hoffman Austin Czarnik 40 0 0 5
PowerPlay Defense
Defense Defense Time % Phy DF OF
1 Joey Laleggia Derek Forbort 60 0 2 3
2 Mikko Vainonen Tommy Vannelli 40 0 2 3
Penalty Kill 4 Players Forward
Center Wing Time % Phy DF OF
1 Nicolas Aube-Kubel Joshua Leivo 60 0 4 1
2 Sam Carrick Mike Hoffman 40 0 4 1
Penalty Kill 4 Players Defense
Defense Defense Time % Phy DF OF
1 Joey Laleggia Derek Forbort 60 0 4 1
2 Mikko Vainonen Tommy Vannelli 40 0 4 1
Penalty Kill - 3 Players Forward
Forward Time % Phy DF OF
1 Sam Carrick 60 0 5 0
2 Zach Stepan 40 0 5 0
Penalty Kill - 3 Players Defense
Defense Defense Time % Phy DF OF
1 Joey Laleggia Derek Forbort 60 0 5 0
2 Mikko Vainonen Tommy Vannelli 40 0 5 0
4 vs 4 Forward
Center Wing Time % Phy DF OF
1 Nicolas Aube-Kubel Joshua Leivo 60 0 0 5
2 Sam Carrick Mike Hoffman 40 0 0 5
4 vs 4 Defense
Defense Defense Time % Phy DF OF
1 Joey Laleggia Derek Forbort 60 0 2 3
2 Mikko Vainonen Tommy Vannelli 40 0 2 3
Last Minutes Offensive
Center Left Wing Right Wing Defense Defense
Sam Carrick A.J. Jenks Nicolas Aube-Kubel Joey Laleggia Derek Forbort
Last Minutes Defensive
Center Left Wing Right Wing Defense Defense
Sam Carrick Jamie McGinn Nicolas Aube-Kubel Joey Laleggia Derek Forbort
Goaltenders
Starting : Sami Aittokallio
Backup : Jake Allen
Extra Forwards
Normal : Sam Carrick, A.J. Jenks, Joshua Leivo - PP : Sam Carrick, Austin Czarnik - PK : Sam Carrick
Extra Defensemen
Normal : Joey Laleggia, Derek Forbort, Gianluca Curcuruto - PP : Joey Laleggia - PK : Joey Laleggia, Derek Forbort
Penalty Shots
Joshua Leivo, Nicolas Aube-Kubel, A.J. Jenks, Sam Carrick, Jamie McGinn
Scratches
Brett Bulmer (Healthy), Colby Cave (Healthy), Emil Johansson (Healthy), Jesper Pettersson (Healthy), David Farrance (Healthy)
Mackenze Stewart (Healthy), Zack Hayes (Healthy), Jacob Bryson (Healthy), Mario Ferraro (Healthy), Will Reilly (Healthy)
Kristians Rubins (Healthy), Nikolay Prokhorkin (Healthy), Ryan Graves (Healthy), Isaac Ratcliffe (Healthy), Cole Smith (Healthy)
Warren Foegele (Healthy), Logan O'Connor (Healthy), Nicholas Caamano (Healthy), Jakob Stenqvist (Healthy), Arvid Henrikson (Healthy)
Kirill Maksimov (Healthy)
% Time on Ice - Marlies
Lines # - Real PCT - Wanted PCT - Time Play
Normal Forward
1 - 32% - 40% - 15:29
2 - 24% - 30% - 11:31
3 - 23% - 20% - 10:52
4 - 21% - 10% - 9:47
Normal Defense
1 - 41% - 40% - 19:29
2 - 32% - 30% - 15:03
3 - 24% - 20% - 11:17
4 - 4% - 10% - 1:50
PP Forward
1 - 64% - 60% - 1:36
2 - 36% - 40% - 0:54
PP Defense
1 - 63% - 60% - 1:35
2 - 37% - 40% - 0:55
PK Forward
1 - 70% - 60% - 6:52
2 - 30% - 40% - 2:59
PK Defense
1 - 62% - 60% - 6:06
2 - 38% - 40% - 3:45
PK3 Forward
1 - 0% - 60%
2 - 0% - 40%
PK3 Defense
1 - 0% - 60%
2 - 0% - 40%
44 Forward
1 - 0% - 60%
2 - 0% - 40%
44 Defense
1 - 0% - 60%
2 - 0% - 40%
Last Minute Offensive - 0:00
Last Minute Defensive - 0:00
Total
Forward - 60:00
Defense - 60:00
|
% Time on Ice - Bears
Lines # - Real PCT - Wanted PCT - Time Play
Normal Forward
1 - 32% - 35% - 15:12
2 - 26% - 30% - 12:20
3 - 23% - 25% - 11:04
4 - 19% - 10% - 9:03
Normal Defense
1 - 39% - 40% - 18:45
2 - 34% - 30% - 16:12
3 - 24% - 20% - 11:12
4 - 3% - 10% - 1:30
PP Forward
1 - 53% - 60% - 5:16
2 - 47% - 40% - 4:35
PP Defense
1 - 64% - 60% - 6:20
2 - 36% - 40% - 3:31
PK Forward
1 - 72% - 60% - 1:48
2 - 28% - 40% - 0:42
PK Defense
1 - 67% - 60% - 1:41
2 - 33% - 40% - 0:49
PK3 Forward
1 - 0% - 60%
2 - 0% - 40%
PK3 Defense
1 - 0% - 60%
2 - 0% - 40%
44 Forward
1 - 0% - 60%
2 - 0% - 40%
44 Defense
1 - 0% - 60%
2 - 0% - 40%
Last Minute Offensive - 0:00
Last Minute Defensive - 0:00
Total
Forward - 60:00
Defense - 60:00
|
Play-by-Play
1st period
0:01 of 1st period - Sam Carrick wins face-off versus Valentin Zykov in neutral zone.
0:26 of 1st period - Pierre-Olivier Joseph is hit by Joey Laleggia and loses puck.
1:47 of 1st period - Snap shot by Logan Brown.
1:47 of 1st period - Shot Misses the Net.
1:49 of 1st period - Backhand shot by Logan Brown.
1:49 of 1st period - Shot Blocked by Gianluca Curcuruto.
1:51 of 1st period - Slapshot by Keaton Thompson.
1:51 of 1st period - Shot Blocked by A.J. Jenks.
2:13 of 1st period - Snap shot by Mathieu Olivier.
2:13 of 1st period - Stopped by Sami Aittokallio without a rebound.
2:14 of 1st period - Zach Stepan wins face-off versus Colton Sissons in Bears zone.
2:29 of 1st period - Snap shot by Joshua Leivo.
2:29 of 1st period - Goal by Joshua Leivo - Marlies : 0 - Bears : 1.
2:30 of 1st period - Colton Sissons wins face-off versus Vincent Dunn in neutral zone.
3:04 of 1st period - Wrist shot by Martin Necas.
3:04 of 1st period - Shot Blocked by Joey Laleggia.
3:36 of 1st period - Off-side.
3:37 of 1st period - Sam Carrick wins face-off versus Colton Sissons in neutral zone.
3:48 of 1st period - Snap shot by A.J. Jenks.
3:48 of 1st period - Shot Misses the Net.
4:02 of 1st period - Tyler Benson is hit by Mike Hoffman and loses puck.
4:23 of 1st period - Wrist shot by Angelo Esposito.
4:23 of 1st period - Shot Blocked by Dennis Gilbert.
4:25 of 1st period - Backhand shot by Tommy Vannelli.
4:25 of 1st period - Shot Misses the Net.
5:02 of 1st period - Dennis Gilbert is hit by Sam Carrick and loses puck.
6:15 of 1st period - Minor Penalty to Derek Forbort for High sticking.
6:16 of 1st period - Nicolas Aube-Kubel wins face-off versus Colton Sissons in Bears zone.
6:31 of 1st period - Nicolas Aube-Kubel is hit by Nicholas Baptiste and loses puck.
6:57 of 1st period - Snap shot by Mike Hoffman.
6:57 of 1st period - Stopped by Charlie Lindgren without a rebound.
6:58 of 1st period - Colton Sissons wins face-off versus Nicolas Aube-Kubel in Marlies zone.
7:04 of 1st period - Off-side.
7:05 of 1st period - Nicolas Aube-Kubel wins face-off versus Colton Sissons in neutral zone.
8:01 of 1st period - Aleksi Saarela is hit by Gianluca Curcuruto and loses puck.
8:15 of 1st period - Penalty to Derek Forbort is over, Derek Forbort is back on ice.
8:27 of 1st period - Matthew Highmore is hit by Derek Forbort and loses puck.
8:46 of 1st period - Snap shot by Alex Formenton.
8:46 of 1st period - Shot Misses the Net.
8:48 of 1st period - Slapshot by Dennis Gilbert.
8:48 of 1st period - Shot Misses the Net.
9:10 of 1st period - Snap shot by Mike Hoffman.
9:10 of 1st period - Stopped by Charlie Lindgren without a rebound.
9:11 of 1st period - Angelo Esposito wins face-off versus Aleksi Saarela in Marlies zone.
9:26 of 1st period - Snap shot by Martin Necas.
9:26 of 1st period - Shot Misses the Net.
10:33 of 1st period - Snap shot by Nicolas Aube-Kubel.
10:33 of 1st period - Shot Misses the Net.
10:35 of 1st period - Wrist shot by Nicolas Aube-Kubel.
10:35 of 1st period - Shot Blocked by Jeff Corbett.
10:59 of 1st period - Colton Sissons is hit by Mike Hoffman and loses puck.
11:06 of 1st period - Minor Penalty to Colton Sissons for Holding.
11:07 of 1st period - Mathieu Olivier wins face-off versus Sam Carrick in Marlies zone.
11:07 of 1st period - Mathieu Olivier is hit by Sam Carrick.
12:20 of 1st period - Tyler Benson is hit by Austin Czarnik and loses puck.
13:06 of 1st period - Penalty to Colton Sissons is over, Colton Sissons is back on ice.
13:20 of 1st period - Dennis Gilbert is hit by Austin Wuthrich and loses puck.
14:05 of 1st period - Icing by Dennis Gilbert.
14:06 of 1st period - Angelo Esposito wins face-off versus Logan Brown in Marlies zone.
14:07 of 1st period - Wrist shot by Mike Hoffman.
14:07 of 1st period - Deflect By Austin Czarnik.
14:07 of 1st period - Stopped by Charlie Lindgren without a rebound.
14:08 of 1st period - Angelo Esposito wins face-off versus Colton Sissons in Marlies zone.
14:13 of 1st period - Snap shot by Austin Czarnik.
14:13 of 1st period - Stopped by Charlie Lindgren without a rebound.
14:14 of 1st period - Mike Hoffman wins face-off versus Valentin Zykov in Marlies zone.
14:17 of 1st period - Snap shot by Mike Hoffman.
14:17 of 1st period - Goal by Mike Hoffman - Marlies : 0 - Bears : 2.
14:18 of 1st period - Colton Sissons wins face-off versus Zach Stepan in neutral zone.
14:54 of 1st period - Snap shot by Tyler Benson.
14:54 of 1st period - Stopped by Sami Aittokallio with a rebound.
15:14 of 1st period - Gianluca Curcuruto is hit by Brett Pesce and loses puck.
15:31 of 1st period - Backhand shot by Zach Stepan.
15:31 of 1st period - Stopped by Charlie Lindgren with a rebound.
15:33 of 1st period - Slapshot by Joey Laleggia.
15:33 of 1st period - Shot Misses the Net.
15:35 of 1st period - Wrist shot by Zach Stepan.
15:35 of 1st period - Deflect By Joshua Leivo.
15:35 of 1st period - Shot Misses the Net.
15:35 of 1st period - Puck is out of play.
15:36 of 1st period - Sam Carrick wins face-off versus Colton Sissons in Marlies zone.
15:41 of 1st period - Slapshot by Nicolas Aube-Kubel.
15:41 of 1st period - Stopped by Charlie Lindgren with a rebound.
17:10 of 1st period - Snap shot by Valentin Zykov.
17:10 of 1st period - Shot Blocked by Derek Forbort.
17:29 of 1st period - Minor Penalty to Keaton Thompson for Slashing.
17:30 of 1st period - A.J. Jenks wins face-off versus Colton Sissons in Marlies zone.
17:30 of 1st period - Wrist shot by Sam Carrick.
17:30 of 1st period - Shot Misses the Net.
17:36 of 1st period - Snap shot by A.J. Jenks.
17:36 of 1st period - Stopped by Charlie Lindgren without a rebound.
17:37 of 1st period - Sam Carrick wins face-off versus Colton Sissons in Marlies zone.
17:44 of 1st period - Snap shot by A.J. Jenks.
17:44 of 1st period - Shot Misses the Net.
17:46 of 1st period - Slapshot by Sam Carrick.
17:46 of 1st period - Shot Blocked by Valentin Zykov.
17:48 of 1st period - Slapshot by Joshua Leivo.
17:48 of 1st period - Shot Blocked by Brett Pesce.
17:50 of 1st period - Slapshot by Derek Forbort.
17:50 of 1st period - Shot Misses the Net.
17:52 of 1st period - Snap shot by Joey Laleggia.
17:52 of 1st period - Stopped by Charlie Lindgren with a rebound.
18:08 of 1st period - Wrist shot by Austin Czarnik.
18:08 of 1st period - Stopped by Charlie Lindgren with a rebound.
18:10 of 1st period - Slapshot by Derek Forbort.
18:10 of 1st period - Deflect By Austin Czarnik.
18:10 of 1st period - Stopped by Charlie Lindgren with a rebound.
19:29 of 1st period - Penalty to Keaton Thompson is over, Keaton Thompson is back on ice.
19:33 of 1st period - Snap shot by Tyler Benson.
19:33 of 1st period - Stopped by Sami Aittokallio with a rebound.
19:46 of 1st period - Joey Laleggia is hit by Keaton Thompson and loses puck.
19:55 of 1st period - Snap shot by Logan Brown.
19:55 of 1st period - Shot Misses the Net.
19:57 of 1st period - Snap shot by Tyler Benson.
19:57 of 1st period - Goal by Tyler Benson - Marlies : 1 - Bears : 2.
19:58 of 1st period - Sam Carrick wins face-off versus Colton Sissons in neutral zone.
Goals for this period are 1 for Marlies vs 2 for Bears.
Shots for this period are 4 for Marlies vs 12 for Bears.
2nd period
0:01 of 2nd period - Sam Carrick wins face-off versus Colton Sissons in neutral zone.
0:04 of 2nd period - Snap shot by Nicolas Aube-Kubel.
0:04 of 2nd period - Stopped by Charlie Lindgren without a rebound.
0:05 of 2nd period - Sam Carrick wins face-off versus Colton Sissons in Marlies zone.
0:10 of 2nd period - Slapshot by A.J. Jenks.
0:10 of 2nd period - Shot Misses the Net.
0:12 of 2nd period - Wrist shot by Sam Carrick.
0:12 of 2nd period - Shot Misses the Net.
0:14 of 2nd period - Slapshot by A.J. Jenks.
0:14 of 2nd period - Goal by A.J. Jenks - Marlies : 1 - Bears : 3.
0:15 of 2nd period - Colton Sissons wins face-off versus Sam Carrick in neutral zone.
0:27 of 2nd period - Wrist shot by Nicolas Aube-Kubel.
0:27 of 2nd period - Stopped by Charlie Lindgren with a rebound.
1:07 of 2nd period - Snap shot by Austin Czarnik.
1:07 of 2nd period - Stopped by Charlie Lindgren with a rebound.
1:13 of 2nd period - Derek Forbort is hit by Mathieu Olivier and loses puck.
1:52 of 2nd period - Snap shot by Nicholas Baptiste.
1:52 of 2nd period - Shot Misses the Net.
1:54 of 2nd period - Snap shot by Colton Sissons.
1:54 of 2nd period - Deflect By Jamie McGinn.
1:54 of 2nd period - Goal by Colton Sissons - Marlies : 2 - Bears : 3.
1:55 of 2nd period - Zach Stepan wins face-off versus Colton Sissons in neutral zone.
1:58 of 2nd period - Wrist shot by Joshua Leivo.
1:58 of 2nd period - Stopped by Charlie Lindgren without a rebound.
1:59 of 2nd period - Zach Stepan wins face-off versus Colton Sissons in Marlies zone.
2:00 of 2nd period - Wrist shot by Kerby Rychel.
2:00 of 2nd period - Shot Blocked by Nicholas Baptiste.
2:24 of 2nd period - Brett Pesce is hit by A.J. Jenks and loses puck.
3:11 of 2nd period - Austin Wuthrich is hit by Colton Sissons and loses puck.
3:30 of 2nd period - Snap shot by Henri Ikonen.
3:30 of 2nd period - Shot Blocked by Gianluca Curcuruto.
3:32 of 2nd period - Slapshot by Keaton Thompson.
3:32 of 2nd period - Shot Hit the Post.
3:42 of 2nd period - Nicolas Aube-Kubel is hit by Tyler Benson.
4:04 of 2nd period - Snap shot by Nicholas Baptiste.
4:04 of 2nd period - Shot Misses the Net.
4:06 of 2nd period - Backhand shot by Nicholas Baptiste.
4:06 of 2nd period - Stopped by Sami Aittokallio with a rebound.
4:08 of 2nd period - Snap shot by Colton Sissons.
4:08 of 2nd period - Stopped by Sami Aittokallio with a rebound.
4:10 of 2nd period - Wrist shot by Valentin Zykov.
4:10 of 2nd period - Stopped by Sami Aittokallio with a rebound.
4:12 of 2nd period - Wrist shot by Keaton Thompson.
4:12 of 2nd period - Shot Misses the Net.
4:22 of 2nd period - Wrist shot by Logan Brown.
4:22 of 2nd period - Stopped by Sami Aittokallio with a rebound.
4:42 of 2nd period - Slapshot by Kerby Rychel.
4:42 of 2nd period - Stopped by Charlie Lindgren with a rebound.
4:52 of 2nd period - Wrist shot by Matthew Highmore.
4:52 of 2nd period - Stopped by Sami Aittokallio without a rebound.
4:53 of 2nd period - Sam Carrick wins face-off versus Colton Sissons in Bears zone.
4:53 of 2nd period - Sam Carrick is hit by Brett Pesce.
5:41 of 2nd period - Mathieu Olivier is hit by Vincent Dunn.
6:32 of 2nd period - Wrist shot by Nicolas Aube-Kubel.
6:32 of 2nd period - Shot Misses the Net.
6:34 of 2nd period - Snap shot by A.J. Jenks.
6:34 of 2nd period - Goal by A.J. Jenks - Marlies : 2 - Bears : 4.
6:34 of 2nd period - Logan Thompson enters game.
6:35 of 2nd period - Colton Sissons wins face-off versus Sam Carrick in neutral zone.
6:54 of 2nd period - Nicolas Aube-Kubel is hit by Valentin Zykov and loses puck.
7:56 of 2nd period - Wrist shot by Austin Wuthrich.
7:56 of 2nd period - Stopped by Logan Thompson with a rebound.
7:58 of 2nd period - Slapshot by Jamie McGinn.
7:58 of 2nd period - Shot Blocked by Logan Brown.
8:00 of 2nd period - Snap shot by Jamie McGinn.
8:00 of 2nd period - Stopped by Logan Thompson with a rebound.
8:38 of 2nd period - Wrist shot by Kerby Rychel.
8:38 of 2nd period - Stopped by Logan Thompson with a rebound.
8:58 of 2nd period - Wrist shot by Angelo Esposito.
8:58 of 2nd period - Stopped by Logan Thompson without a rebound.
8:59 of 2nd period - Matthew Highmore wins face-off versus Sam Carrick in Marlies zone.
9:06 of 2nd period - Slapshot by Brett Pesce.
9:06 of 2nd period - Shot Blocked by Gianluca Curcuruto.
9:08 of 2nd period - Snap shot by Pierre-Olivier Joseph.
9:08 of 2nd period - Stopped by Sami Aittokallio with a rebound.
9:10 of 2nd period - Wrist shot by Henri Ikonen.
9:10 of 2nd period - Shot Misses the Net.
9:31 of 2nd period - Minor Penalty to Tobias Lindberg for Roughing.
9:32 of 2nd period - Colton Sissons wins face-off versus Sam Carrick in Marlies zone.
9:36 of 2nd period - Slapshot by Brett Pesce.
9:36 of 2nd period - Stopped by Sami Aittokallio with a rebound.
11:31 of 2nd period - Penalty to Tobias Lindberg is over, Tobias Lindberg is back on ice.
11:41 of 2nd period - Wrist shot by Logan Brown.
11:41 of 2nd period - Stopped by Sami Aittokallio with a rebound.
11:47 of 2nd period - Wrist shot by Tyler Benson.
11:47 of 2nd period - Stopped by Sami Aittokallio with a rebound.
11:49 of 2nd period - Wrist shot by Logan Brown.
11:49 of 2nd period - Stopped by Sami Aittokallio without a rebound.
11:50 of 2nd period - Henri Ikonen wins face-off versus Austin Wuthrich in Bears zone.
12:15 of 2nd period - Dennis Gilbert is hit by Kerby Rychel and loses puck.
12:32 of 2nd period - Slapshot by Mike Hoffman.
12:32 of 2nd period - Goal by Mike Hoffman - Marlies : 2 - Bears : 5.
12:33 of 2nd period - Sam Carrick wins face-off versus Valentin Zykov in neutral zone.
12:48 of 2nd period - Slapshot by Pierre-Olivier Joseph.
12:48 of 2nd period - Stopped by Sami Aittokallio with a rebound.
12:58 of 2nd period - Joey Laleggia is hit by Tyler Benson.
13:04 of 2nd period - Aleksi Saarela is hit by Kerby Rychel and loses puck.
13:21 of 2nd period - Snap shot by Pierre-Olivier Joseph.
13:21 of 2nd period - Stopped by Sami Aittokallio without a rebound.
13:22 of 2nd period - Logan Brown wins face-off versus Angelo Esposito in Bears zone.
13:29 of 2nd period - Joey Laleggia is hit by Keaton Thompson and loses puck.
13:42 of 2nd period - Wrist shot by Angelo Esposito.
13:42 of 2nd period - Shot Misses the Net.
13:44 of 2nd period - Wrist shot by Angelo Esposito.
13:44 of 2nd period - Goal by Angelo Esposito - Marlies : 2 - Bears : 6.
13:45 of 2nd period - Colton Sissons wins face-off versus Sam Carrick in neutral zone.
14:17 of 2nd period - Joshua Leivo is hit by Aleksi Saarela and loses puck.
15:13 of 2nd period - Icing by A.J. Jenks.
15:14 of 2nd period - Tobias Lindberg wins face-off versus Sam Carrick in Bears zone.
15:17 of 2nd period - Snap shot by Henri Ikonen.
15:17 of 2nd period - Shot Misses the Net.
15:31 of 2nd period - Sam Carrick is hit by Brett Pesce and loses puck.
15:58 of 2nd period - Slapshot by Tommy Vannelli.
15:58 of 2nd period - Deflect By Tobias Lindberg.
15:58 of 2nd period - Stopped by Logan Thompson with a rebound.
16:06 of 2nd period - Wrist shot by Matthew Highmore.
16:06 of 2nd period - Stopped by Sami Aittokallio with a rebound.
16:08 of 2nd period - Wrist shot by Dmitri Samorukov.
16:08 of 2nd period - Stopped by Sami Aittokallio without a rebound.
16:09 of 2nd period - Zach Stepan wins face-off versus Colton Sissons in Bears zone.
16:09 of 2nd period - Zach Stepan is hit by Valentin Zykov.
16:35 of 2nd period - Derek Forbort is hit by Aleksi Saarela and loses puck.
16:42 of 2nd period - Snap shot by Mike Hoffman.
16:42 of 2nd period - Shot Misses the Net.
16:44 of 2nd period - Backhand shot by Michael Prapavessis.
16:44 of 2nd period - Stopped by Logan Thompson with a rebound.
17:22 of 2nd period - Wrist shot by Kerby Rychel.
17:22 of 2nd period - Deflect By Joshua Leivo.
17:22 of 2nd period - Stopped by Logan Thompson with a rebound.
17:24 of 2nd period - Snap shot by Zach Stepan.
17:24 of 2nd period - Stopped by Logan Thompson with a rebound.
17:26 of 2nd period - Snap shot by Kerby Rychel.
17:26 of 2nd period - Stopped by Logan Thompson with a rebound.
17:54 of 2nd period - Jeff Corbett is hit by A.J. Jenks.
18:15 of 2nd period - Snap shot by Joshua Leivo.
18:15 of 2nd period - Stopped by Logan Thompson without a rebound.
18:16 of 2nd period - Alex Formenton wins face-off versus Zach Stepan in Marlies zone.
18:16 of 2nd period - Alex Formenton is hit by Joshua Leivo.
19:21 of 2nd period - Slapshot by Pierre-Olivier Joseph.
19:21 of 2nd period - Stopped by Sami Aittokallio without a rebound.
19:22 of 2nd period - Logan Brown wins face-off versus Sam Carrick in Bears zone.
19:33 of 2nd period - Snap shot by Logan Brown.
19:33 of 2nd period - Stopped by Sami Aittokallio without a rebound.
19:34 of 2nd period - Sam Carrick wins face-off versus Colton Sissons in Bears zone.
19:39 of 2nd period - Snap shot by Valentin Zykov.
19:39 of 2nd period - Shot Misses the Net.
19:41 of 2nd period - Snap shot by Nicholas Baptiste.
19:41 of 2nd period - Stopped by Sami Aittokallio with a rebound.
19:43 of 2nd period - Slapshot by Jeff Corbett.
19:43 of 2nd period - Stopped by Sami Aittokallio without a rebound.
19:44 of 2nd period - Sam Carrick wins face-off versus Colton Sissons in Bears zone.
Goals for this period are 1 for Marlies vs 4 for Bears.
Shots for this period are 19 for Marlies vs 19 for Bears.
3rd period
0:01 of 3rd period - Sam Carrick wins face-off versus Colton Sissons in neutral zone.
0:03 of 3rd period - Derek Forbort is hit by Nicholas Baptiste and loses puck.
0:12 of 3rd period - Wrist shot by Nicolas Aube-Kubel.
0:12 of 3rd period - Shot Blocked by Colton Sissons.
0:22 of 3rd period - Minor Penalty to Nicholas Baptiste for Interference.
0:23 of 3rd period - Valentin Zykov wins face-off versus Sam Carrick in Marlies zone.
0:58 of 3rd period - Backhand shot by Logan Brown.
0:58 of 3rd period - Shot Misses the Net.
1:00 of 3rd period - Snap shot by Logan Brown.
1:00 of 3rd period - Stopped by Sami Aittokallio without a rebound.
1:01 of 3rd period - A.J. Jenks wins face-off versus Colton Sissons in Bears zone.
1:06 of 3rd period - Slapshot by Tommy Vannelli.
1:06 of 3rd period - Shot Misses the Net.
2:01 of 3rd period - Icing by Derek Forbort.
2:02 of 3rd period - Zach Stepan wins face-off versus Colton Sissons in Bears zone.
2:13 of 3rd period - Snap shot by Joshua Leivo.
2:13 of 3rd period - Shot Misses the Net.
2:15 of 3rd period - Slapshot by Derek Forbort.
2:15 of 3rd period - Shot Blocked by Brett Pesce.
2:17 of 3rd period - Slapshot by Joey Laleggia.
2:17 of 3rd period - Deflect By Joshua Leivo.
2:17 of 3rd period - Goal by Joshua Leivo - Marlies : 2 - Bears : 7.
2:18 of 3rd period - Nicolas Aube-Kubel wins face-off versus Colton Sissons in neutral zone.
2:56 of 3rd period - Snap shot by Sam Carrick.
2:56 of 3rd period - Stopped by Logan Thompson with a rebound.
3:37 of 3rd period - Colton Sissons is hit by Zach Stepan and loses puck.
4:07 of 3rd period - Snap shot by Logan Brown.
4:07 of 3rd period - Stopped by Sami Aittokallio with a rebound.
4:09 of 3rd period - Slapshot by Keaton Thompson.
4:09 of 3rd period - Deflect By Logan Brown.
4:09 of 3rd period - Shot Misses the Net.
4:09 of 3rd period - Puck is out of play.
4:10 of 3rd period - Logan Brown wins face-off versus Vincent Dunn in Bears zone.
4:15 of 3rd period - Slapshot by Pierre-Olivier Joseph.
4:15 of 3rd period - Stopped by Sami Aittokallio without a rebound.
4:16 of 3rd period - Zach Stepan wins face-off versus Colton Sissons in Bears zone.
4:43 of 3rd period - Martin Necas is hit by Austin Wuthrich and loses puck.
4:49 of 3rd period - Icing by Pierre-Olivier Joseph.
4:50 of 3rd period - Vincent Dunn wins face-off versus Martin Necas in Marlies zone.
4:51 of 3rd period - Snap shot by Jamie McGinn.
4:51 of 3rd period - Shot Misses the Net.
4:53 of 3rd period - Slapshot by Joey Laleggia.
4:53 of 3rd period - Stopped by Logan Thompson without a rebound.
4:54 of 3rd period - Sam Carrick wins face-off versus Colton Sissons in Marlies zone.
5:22 of 3rd period - Minor Penalty to Martin Necas for Hooking.
5:23 of 3rd period - Colton Sissons wins face-off versus Sam Carrick in Marlies zone.
6:01 of 3rd period - Wrist shot by Austin Czarnik.
6:01 of 3rd period - Shot Misses the Net.
6:03 of 3rd period - Snap shot by Austin Czarnik.
6:03 of 3rd period - Deflect By Zach Stepan.
6:03 of 3rd period - Shot Misses the Net.
6:03 of 3rd period - Puck is out of play.
6:04 of 3rd period - Colton Sissons wins face-off versus A.J. Jenks in Marlies zone.
7:22 of 3rd period - Penalty to Martin Necas is over, Martin Necas is back on ice.
7:25 of 3rd period - Mathieu Olivier is hit by Austin Wuthrich and loses puck.
7:30 of 3rd period - Slapshot by Austin Wuthrich.
7:30 of 3rd period - Shot Blocked by Jeff Corbett.
7:48 of 3rd period - Icing by Jeff Corbett.
7:49 of 3rd period - Zach Stepan wins face-off versus Tyler Benson in Marlies zone.
8:56 of 3rd period - Snap shot by Kerby Rychel.
8:56 of 3rd period - Stopped by Logan Thompson with a rebound.
9:16 of 3rd period - Tobias Lindberg is hit by Nicolas Aube-Kubel and loses puck.
9:23 of 3rd period - Dennis Gilbert is hit by A.J. Jenks.
10:01 of 3rd period - Wrist shot by Mike Hoffman.
10:01 of 3rd period - Stopped by Logan Thompson without a rebound.
10:02 of 3rd period - Sam Carrick wins face-off versus Nicholas Baptiste in Marlies zone.
10:17 of 3rd period - Wrist shot by Nicholas Baptiste.
10:17 of 3rd period - Stopped by Sami Aittokallio without a rebound.
10:18 of 3rd period - Zach Stepan wins face-off versus Martin Necas in Bears zone.
10:33 of 3rd period - Snap shot by Joshua Leivo.
10:33 of 3rd period - Shot Blocked by Tyler Benson.
10:49 of 3rd period - Snap shot by Logan Brown.
10:49 of 3rd period - Stopped by Sami Aittokallio with a rebound.
12:14 of 3rd period - Alex Formenton is hit by Nicolas Aube-Kubel and loses puck.
12:25 of 3rd period - Logan Brown is hit by Angelo Esposito and loses puck.
13:23 of 3rd period - Snap shot by Aleksi Saarela.
13:23 of 3rd period - Stopped by Sami Aittokallio with a rebound.
13:25 of 3rd period - Slapshot by Jeff Corbett.
13:25 of 3rd period - Shot Blocked by Austin Wuthrich.
13:35 of 3rd period - Tommy Vannelli is hit by Logan Brown and loses puck.
14:16 of 3rd period - Snap shot by Austin Wuthrich.
14:16 of 3rd period - Stopped by Logan Thompson without a rebound.
14:17 of 3rd period - Sam Carrick wins face-off versus Aleksi Saarela in Marlies zone.
14:27 of 3rd period - Minor Penalty to Nicolas Aube-Kubel for Holding.
14:28 of 3rd period - Colton Sissons wins face-off versus Sam Carrick in Bears zone.
14:42 of 3rd period - Wrist shot by Colton Sissons.
14:42 of 3rd period - Shot Misses the Net.
14:44 of 3rd period - Slapshot by Brett Pesce.
14:44 of 3rd period - Stopped by Sami Aittokallio without a rebound.
14:45 of 3rd period - Colton Sissons wins face-off versus Sam Carrick in Bears zone.
14:56 of 3rd period - Snap shot by Brett Pesce.
14:56 of 3rd period - Shot Blocked by Joey Laleggia.
14:58 of 3rd period - Snap shot by Nicholas Baptiste.
14:58 of 3rd period - Deflect By Colton Sissons.
14:58 of 3rd period - Goal by Colton Sissons - Marlies : 3 - Bears : 7.
14:59 of 3rd period - Colton Sissons wins face-off versus Sam Carrick in neutral zone.
15:49 of 3rd period - Angelo Esposito is hit by Logan Brown and loses puck.
16:07 of 3rd period - Logan Brown is hit by Tommy Vannelli and loses puck.
16:14 of 3rd period - Slapshot by Pierre-Olivier Joseph.
16:14 of 3rd period - Shot Blocked by Angelo Esposito.
16:16 of 3rd period - Slapshot by Brett Pesce.
16:16 of 3rd period - Deflect By Mikko Vainonen.
16:16 of 3rd period - Stopped by Sami Aittokallio with a rebound.
16:18 of 3rd period - Wrist shot by Mathieu Olivier.
16:18 of 3rd period - Shot Misses the Net.
16:34 of 3rd period - Alex Formenton is hit by Mike Hoffman and loses puck.
17:10 of 3rd period - Snap shot by Pierre-Olivier Joseph.
17:10 of 3rd period - Stopped by Sami Aittokallio with a rebound.
17:12 of 3rd period - Snap shot by Brett Pesce.
17:12 of 3rd period - Shot Misses the Net.
17:14 of 3rd period - Slapshot by Pierre-Olivier Joseph.
17:14 of 3rd period - Shot Misses the Net.
17:16 of 3rd period - Slapshot by Pierre-Olivier Joseph.
17:16 of 3rd period - Stopped by Sami Aittokallio with a rebound.
17:18 of 3rd period - Snap shot by Logan Brown.
17:18 of 3rd period - Stopped by Sami Aittokallio without a rebound.
17:19 of 3rd period - Sam Carrick wins face-off versus Colton Sissons in Bears zone.
17:28 of 3rd period - Wrist shot by A.J. Jenks.
17:28 of 3rd period - Shot Blocked by Jeff Corbett.
17:30 of 3rd period - Wrist shot by Nicolas Aube-Kubel.
17:30 of 3rd period - Stopped by Logan Thompson with a rebound.
17:32 of 3rd period - Snap shot by A.J. Jenks.
17:32 of 3rd period - Shot Blocked by Jeff Corbett.
17:34 of 3rd period - Slapshot by Nicolas Aube-Kubel.
17:34 of 3rd period - Goal by Nicolas Aube-Kubel - Marlies : 3 - Bears : 8.
17:35 of 3rd period - Colton Sissons wins face-off versus Sam Carrick in neutral zone.
18:56 of 3rd period - Slapshot by Nicolas Aube-Kubel.
18:56 of 3rd period - Shot Blocked by Henri Ikonen.
18:58 of 3rd period - Slapshot by Derek Forbort.
18:58 of 3rd period - Shot Blocked by Henri Ikonen.
19:14 of 3rd period - Snap shot by Valentin Zykov.
19:14 of 3rd period - Shot Misses the Net.
19:27 of 3rd period - Off-side.
19:28 of 3rd period - Aleksi Saarela wins face-off versus Angelo Esposito in neutral zone.
19:37 of 3rd period - Wrist shot by Aleksi Saarela.
19:37 of 3rd period - Shot Blocked by Mikko Vainonen.
19:39 of 3rd period - Snap shot by Tyler Benson.
19:39 of 3rd period - Stopped by Sami Aittokallio with a rebound.
19:41 of 3rd period - Snap shot by Aleksi Saarela.
19:41 of 3rd period - Deflect By Martin Necas.
19:41 of 3rd period - Goal by Martin Necas - Marlies : 4 - Bears : 8.
19:42 of 3rd period - Sam Carrick wins face-off versus Nicholas Baptiste in neutral zone.
19:45 of 3rd period - Snap shot by Joey Laleggia.
19:45 of 3rd period - Shot Blocked by Brett Pesce.
Goals for this period are 2 for Marlies vs 2 for Bears.
Shots for this period are 14 for Marlies vs 8 for Bears.